 Dungeon Crawl Stone Soup version 0.25-a0-166-g16436c4407 (webtiles) character file.

Game seed: 4332752184447479325, levelgen mode: deterministic

12615 MrRokkomies the Grappler (level 11, -11/102 (104) HPs)
             Began as a Ghoul Monk on Nov 24, 2019.
             Was a High Priest of Cheibriados.
             Mangled by a death yak (23 damage)
             ... on level 11 of the Dungeon.
             The game lasted 00:31:21 (9745 turns).

MrRokkomies the Grappler (Ghoul Monk)               Turns: 9745, Time: 00:31:21

HP:   -11/102 (104) AC: 14    Str: 27    XL:     11   Next: 96%
MP:   1/16          EV: 14    Int: 20    God:    Cheibriados [*****.]
Gold: 1075          SH:  3    Dex: 24    Spells: 10/10 levels left

rFire    . . .     SeeInvis +     - Unarmed
rCold    + + +     Gourm    .   (no shield)
rNeg     + + +     Faith    .   y - +0 plate armour
rPois    ∞         Spirit   .   O - +0 hat "Foenuaxt" {rC+++ Str-5 Int+2 SInv}
rElec    .         Reflect  +   w - +0 cloak {+Inv}
rCorr    .         Harm     .   (no gloves)
MR       .....                  c - +0 pair of boots
Stlth    ..........             J - +3 amulet of reflection
HPRegen  0.00/turn              o - +3 ring of evasion
MPRegen  0.15/turn              (no ring)

@: rotting, very slow
A: rotting body, claws 1, carnivore, cold resistance 1, negative energy
resistance 3, inhibited regeneration, torment resistance, unbreathing
a: Bend Time, Temporal Distortion, Slouch, Step From Time, Renounce Religion,
Evoke Invisibility


You were on level 11 of the Dungeon.
You worshipped Cheibriados.
Cheibriados was extremely pleased with you.
You were not hungry.

You visited 1 branch of the dungeon, and saw 11 of its levels.
You also visited: Ossuary and Gauntlet.

You collected 1075 gold pieces.

Inventory:

Hand Weapons
 b - a +2 arbalest of flaming
Missiles
 i - 23 poisoned darts (quivered)
 H - 76 bolts
Armour
 c - a +0 pair of boots (worn)
 w - a +0 cloak of invisibility (worn)
 y - a +0 plate armour (worn)
 O - the +0 hat "Foenuaxt" (worn) {rC+++ Str-5 Int+2 SInv}
   (You found it in a Gauntlet)

   It affects your strength (-5).
   It affects your intelligence (+2).
   It renders you almost immune to cold.
   It lets you see invisible.
Jewellery
 o - a +3 ring of evasion (left claw)
 r - an uncursed ring of protection from cold
 J - a +3 amulet of reflection (around neck)
Wands
 j - a wand of iceblast (24)
 s - a wand of paralysis (14)
 x - a wand of polymorph (8)
 D - a wand of acid (23)
 G - a wand of flame (56)
Scrolls
 d - 2 scrolls of enchant armour
 k - a scroll of fear
 n - 7 scrolls of teleportation
 p - 5 scrolls of identify
 t - 14 scrolls of remove curse
 z - 4 scrolls of enchant weapon
 A - a scroll of amnesia
 E - 3 scrolls of magic mapping
Potions
 e - a potion of cancellation
 f - a potion of resistance
 h - 3 potions of brilliance
 l - a potion of agility
 m - 3 potions of flight
 q - a potion of might
 u - a potion of curing
 B - a potion of ambrosia
 K - a potion of magic
Miscellaneous
 R - a box of beasts
Comestibles
 Q - 17 rations


   Skills:
 * Level 12.1 Fighting
 + Level 5.1 Armour
 - Level 5.3 Dodging
 - Level 2.1 Stealth
 * Level 12.1 Unarmed Combat
 + Level 8.2 Invocations


You had 10 spell levels left.
You didn't know any spells.
Your spell library contained the following spells:

 Spells                   Type           Power        Failure   Level  Hunger
 Apportation              Tloc           #.....       92%         1    ##.....
 Corona                   Hex            #......      92%         1    ##.....
 Flame Tongue             Conj/Fire      #....        92%         1    ##.....
 Summon Butterflies       Summ           #.......     92%         1    ##.....
 Summon Small Mammal      Summ           #...         92%         1    ##.....
 Ensorcelled Hibernation  Hex/Ice        #.....       98%         2    ###....
 Confuse                  Hex            #.......     100%        3    ####...
 Dazzling Spray           Conj/Hex       #.....       100%        3    ####...
 Ignite Poison            Fire/Tmut/Pois #.......     100%        3    ####...
 Lesser Beckoning         Tloc           #.........   100%        3    ####...
 Tukima's Dance           Hex            #.......     100%        3    ####...
 Alistair's Intoxication  Tmut/Pois      #.......     100%        5    ######.
 Aura of Abjuration       Summ           #.........   100%        5    ######.
 Summon Demon             Summ           #.........   100%        5    ######.
 Invisibility             Hex            #.......     100%        6    #######
 Shadow Creatures         Summ           N/A          100%        6    #######


Dungeon Overview and Level Annotations

Branches:
Dungeon (11/15)            Temple (0/1) D:5            Lair (0/6) D:11
    Orc (0/2) D:9         Ossuary (visited)         Gauntlet (visited)

Altars:
Ashenzari
Cheibriados
Fedhas
Gozag
Kikubaaqudgha
Ru
Sif Muna
Trog
Uskayaw
Wu Jian
Zin
The Shining One


Innate Abilities, Weirdness & Mutations

Your body is rotting away.
You thrive on raw meat.
You are immune to poison.
You have sharp fingernails.
You are carnivorous and can eat meat at any time.
Your flesh is cold resistant. (rC+)
You are immune to negative energy. (rN+++)
You do not regenerate when monsters are visible.
You are immune to unholy pain and torment.
You can survive without breathing.


Message History

* * * LOW HITPOINT WARNING * * *
You claw the death yak!
The death yak is almost dead.
The death yak gores you but does no damage.
Okay, then.
Unknown command.
Unknown command.
You scratch the death yak but do no damage.
The death yak is almost dead.
You mangle the death yak!!
You kill the death yak!
Cheibriados thoroughly appreciates the change of pace.
You claw the death yak!
The death yak is almost dead.
The death yak gores you!!
* * * LOW HITPOINT WARNING * * *
You scratch the death yak.
The death yak is almost dead.
The death yak gores you!!
You die...

#######.###..[...##
#######.........#......##
#.....'.........#......##
#.#####.......[\#......##
#.# #.......[[#......##
#.#########...[).########
#........................
#.#########†.....########
#>....).@YYY.............
##############+#.....#.#.
##.#...#.#.# #.#....+#.#.
##.#...#.#.# #.#.#.#.#.#.
##.#.#.#.#.#
***#.#.#"#.#.#.
*,....#.#.#.#.#


You could see a death yak and 2 yaks.

Vanquished Creatures
  A minotaur (Gauntlet)
  2 death yaks (D:11)
  A thrashing horror (Gauntlet)
  A death drake (Gauntlet)
  A wolf spider zombie (Gauntlet)
  A cyclops (D:11)
  Maurice (D:10)
  A spectral centaur (Gauntlet)
  A troll (D:9)
  A spriggan (D:11)
  A wyvern (D:11)
  10 yaks (D:11)
  2 hungry ghosts
  2 orc warriors
  3 ice beasts
  5 sky beasts
  An eye of draining (D:8)
  A necrophage (D:9)
  2 phantoms (D:5)
  A black bear (D:11)
  6 ogres
  2 small abominations (Gauntlet)
  4 centaurs
  Blork the orc (D:5)
  5 bullfrogs
  A big kobold (D:5)
  2 scorpions
  13 killer bees
  3 centaur zombies
  6 crimson imps
  A bullfrog zombie (D:9)
  A jelly (D:9)
  4 bullfrog skeletons
  A centaur skeleton (D:7)
  3 orc priests
  9 hounds
  5 orc wizards
  Jessica (D:3)
  3 iguanas
  5 worker ants
  A killer bee zombie (D:10)
  A big kobold zombie (Ossuary)
  2 hound skeletons
  8 mummies (Ossuary)
  4 gnolls (D:7)
  15 adders
  3 shadow imps
  3 oozes
  An adder zombie (D:8)
  4 worms
  6 dart slugs
  3 leopard geckos
  51 orcs
  A ball python (D:3)
  3 bats
  6 giant cockroaches
  A gnoll zombie (Ossuary)
  8 goblins
  9 hobgoblins
  5 jackals (D:4)
  12 kobolds
  A quokka (D:9)
  4 frilled lizards
  2 hobgoblin zombies (Ossuary)
  2 kobold zombies (Ossuary)
  2 leopard gecko skeletons
  2 orc zombies (Ossuary)
  3 rats
278 creatures vanquished.

Vanquished Creatures (others)
  4 toadstools (D:5)
4 creatures vanquished.

Grand Total: 282 creatures vanquished

Notes
Turn   | Place    | Note
-------+----------+-------------------------------------------
     0 | D:1      | MrRokkomies the Ghoul Monk began the quest for the Orb.
     0 | D:1      | Reached XP level 1. HP: 19/19 MP: 0/0
   283 | D:1      | Reached XP level 2. HP: 8/26 MP: 1/1
   772 | D:1      | Reached XP level 3. HP: 31/33 MP: 2/2
  1178 | D:2      | Reached XP level 4. HP: 39/40 MP: 3/3
  1216 | D:2      | Found a snail-covered altar of Cheibriados.
  1256 | D:2      | Became a worshipper of Cheibriados the Contemplative
  1256 | D:2      | Reached * piety under Cheibriados
  1256 | D:2      | Reached ** piety under Cheibriados
  1650 | D:3      | Noticed Jessica
  1660 | D:3      | Killed Jessica
  1771 | D:3      | Reached XP level 5. HP: 46/47 MP: 4/4
  2088 | D:4      | Reached skill level 1 in Invocations
  2186 | D:4      | Found a sand-covered staircase.
  2194 | Ossuary  | Entered an ossuary
  2251 | Ossuary  | Reached skill level 5 in Fighting
  2262 | Ossuary  | Reached XP level 6. HP: 13/56 MP: 6/6
  2517 | Ossuary  | Reached skill level 5 in Unarmed Combat
  3005 | D:4      | Reached *** piety under Cheibriados
  3020 | D:4      | Found a snail-covered altar of Cheibriados.
  3031 | D:4      | Reached XP level 7. HP: 55/62 MP: 7/7
  3334 | D:5      | Entered Level 5 of the Dungeon
  3668 | D:5      | Reached **** piety under Cheibriados
  3684 | D:5      | Found a staircase to the Ecumenical Temple.
  3705 | D:5      | Reached XP level 8. HP: 52/71 MP: 9/9
  4073 | D:5      | Noticed Blork the orc
  4084 | D:5      | Killed Blork the orc
  4650 | D:6      | Reached skill level 5 in Dodging
  4864 | D:7      | Reached XP level 9. HP: 81/81 MP: 11/11
  5005 | D:7      | HP: 4/81 [orc warrior/+2 war axe of flaming (6)]
  5544 | D:7      | Found a bloodstained altar of Trog.
  5912 | D:7      | Found a glowing silver altar of Zin.
  5996 | D:7      | Reached skill level 5 in Invocations
  6112 | D:7      | Reached ***** piety under Cheibriados
  6268 | D:8      | Reached skill level 1 in Armour
  6761 | D:8      | Found a glowing golden altar of the Shining One.
  6796 | D:8      | Reached XP level 10. HP: 91/91 MP: 13/13
  6985 | D:8      | Found a sacrificial altar of Ru.
  6990 | D:8      | Found a hide-covered altar of Uskayaw.
  6992 | D:8      | Found a shimmering blue altar of Sif Muna.
  6995 | D:8      | Found a shattered altar of Ashenzari.
  7165 | D:9      | Found a staircase to the Orcish Mines.
  7348 | D:9      | Reached ****** piety under Cheibriados
  7409 | D:9      | Reached skill level 10 in Fighting
  7504 | D:9      | Reached skill level 10 in Unarmed Combat
  7510 | D:9      | Found an opulent altar of Gozag.
  7510 | D:9      | Found a faded altar of an unknown god.
  7515 | D:9      | Found a blossoming altar of Fedhas.
  7517 | D:9      | Found an ornate altar of the Wu Jian Council.
  7518 | D:9      | Found an ancient bone altar of Kikubaaqudgha.
  7921 | D:10     | Entered Level 10 of the Dungeon
  8200 | D:10     | Noticed Maurice
  8215 | D:10     | Killed Maurice
  8578 | D:11     | Reached XP level 11. HP: 50/100 MP: 15/15
  8590 | D:11     | Noticed a cyclops
  8597 | D:11     | Killed a cyclops
  8615 | D:11     | Found a flagged portal.
  8631 | D:11     | Found a gate leading to a gauntlet.
  8663 | Gauntlet | Entered a Gauntlet
  8663 | Gauntlet | Found a transporter.
  8674 | Gauntlet | Found a transporter.
  8686 | Gauntlet | Noticed a death drake
  8691 | Gauntlet | Found a transporter.
  8694 | Gauntlet | Found a transporter.
  8703 | Gauntlet | Noticed a thrashing horror
  8712 | Gauntlet | Found a transporter.
  8725 | Gauntlet | Found a transporter.
  8738 | Gauntlet | Found a transporter.
  8755 | Gauntlet | Found a transporter.
  8759 | Gauntlet | Found a transporter.
  8767 | Gauntlet | Found a transporter.
  8780 | Gauntlet | Noticed an entropy weaver
  8792 | Gauntlet | Found a transporter.
  8824 | Gauntlet | Found a transporter.
  8968 | Gauntlet | Killed a death drake
  9100 | Gauntlet | Killed a thrashing horror
  9109 | Gauntlet | Got a twisted helmet
  9120 | Gauntlet | Identified the +1 helmet "Yckegit" {Str-3 Dex+7} (You found
                  | it in a Gauntlet)
  9137 | Gauntlet | Noticed a minotaur
  9150 | Gauntlet | Killed a minotaur
  9460 | Gauntlet | Identified the Compendium of Fiery Companions
  9464 | Gauntlet | Got a scorched hat
  9504 | D:11     | Identified the cursed +0 hat "Foenuaxt" {rC+++ Str-5 Int+2
                  | SInv} (You found it in a Gauntlet)
  9726 | D:11     | Noticed a death yak
  9729 | D:11     | Noticed a death yak
  9731 | D:11     | Noticed a death yak
  9736 | D:11     | Killed a death yak
  9736 | D:11     | Reached skill level 5 in Armour
  9743 | D:11     | Killed a death yak
  9745 | D:11     | Mangled by a death yak

Levels and vault maps discovered:
D:1:      dpeg_arrival_refuge, layout_rooms
D:2:      layout_rooms, cheibriados_altar_1
D:3:      layout_loops_ring, first_ration, uniq_jessica
D:4:      layout_loops_cross, nicolae_overflow_crystal_walls,
          nicolae_ossuary_entry_plus
D:5:      layout_loops_ring, minmay_temple_entry_mini_moons,
          minmay_gold_behind_fungi, uniq_blork_the_orc
D:6:      layout_basic
D:7:      layout_basic, kennysheep_little_box, old_standard_altar, serial_glass,
          glass_columns_b, glass_columns_a, glass_columns_c, glass_columns_b,
          glass_columns_b, glass_columns_b
D:8:      layout_loops_corners, lemuel_coloured_pillars_altar, minitemple
D:9:      layout_gridville, chequers_temple_overflow_minitemple,
          hiddenorc2_lemuel, chequers_mini_garden
D:10:     layout_roguey, uniq_maurice
D:11:     layout_basic, dpeg_lair_monsters, gauntlet_entry_generic,
          enter_bailey_1, the_bakery

Skill      XL: |  1  2  3  4  5  6  7  8  9 10 11 |
---------------+----------------------------------+-----
Dodging        | 3 4 5 |  5.3
Fighting       | 4 5 6 7 9 10 12 | 12.1
Unarmed Combat | 4 5 6 7 9 10 12 | 12.1
Invocations    | 1 2 3 4 5 7 8 |  8.2
Armour         | 2 3 5 |  5.1
Stealth        | |  2.1

Action                   |  1- 3 |  4- 6 |  7- 9 | 10-12 || total
-------------------------+-------+-------+-------+-------++-------
Melee: Unarmed           |   101 |   166 |   390 |   289 ||   946
       Punch             |     1 |     7 |    13 |    21 ||    42
Throw: Dart              |       |       |     5 |     3 ||     8
Invok: Slouch            |       |       |       |     3 ||     3
       Temporal Distorti |       |       |       |     2 ||     2
  Use: Scroll            |     2 |     2 |     9 |    13 ||    26
       Potion            |       |     4 |     1 |     1 ||     6
 Stab: Sleeping          |     2 |       |       |       ||     2
       Invisible         |       |     4 |       |       ||     4
  Eat: Chunk             |     1 |     3 |    10 |    20 ||    34
       Ration            |       |       |     1 |       ||     1
Armor: Robe              |     6 |       |       |       ||     6
       Ring mail         |    17 |     1 |       |       ||    18
       Scale mail        |       |    39 |    54 |       ||    93
       Chain mail        |       |       |    35 |       ||    35
       Plate armour      |       |       |    59 |   112 ||   171
Dodge: Dodged            |    63 |   103 |   266 |   218 ||   650
Block: Other             |       |       |     2 |    36 ||    38

Table legend:
 A = Non-vault XP
 B = Vault XP
 C = Vault XP percentage of total XP
 D = Non-vault monster count
 E = Vault monster count
 F = Vault count percentage of total count
                 A         B        C        D         E       F
            +---------+---------+-------+---------+---------+-------
      Total |    9438 |    8584 |  47.6 |     212 |      66 |  23.7
            +---------+---------+-------+---------+---------+-------
        D:1 |      35 |       0 |   0.0 |      15 |       0 |   0.0
        D:2 |      54 |       0 |   0.0 |      19 |       0 |   0.0
        D:3 |      49 |      37 |  43.0 |      19 |       1 |   5.0
        D:4 |     422 |       0 |   0.0 |      20 |       0 |   0.0
        D:5 |    1036 |     100 |   8.8 |      24 |       1 |   4.0
        D:6 |     339 |       0 |   0.0 |      12 |       0 |   0.0
        D:7 |    1337 |       0 |   0.0 |      24 |       0 |   0.0
        D:8 |    1319 |       0 |   0.0 |      22 |       0 |   0.0
        D:9 |    1713 |     207 |  10.8 |      30 |      32 |  51.6
       D:10 |     297 |     472 |  61.4 |       5 |       1 |  16.7
       D:11 |    2837 |    2554 |  47.4 |      22 |       6 |  21.4
    Ossuary |       0 |     177 | 100.0 |       0 |      16 | 100.0
   Gauntlet |       0 |    5037 | 100.0 |       0 |       9 | 100.0
            +---------+---------+-------+---------+---------+-------
